 Dungeon Crawl Stone Soup version 0.31-a0-931-g7b59d4eb97 (webtiles) character file.

Game seed: 2408397854185714906

145 mortress the Changeling (level 5, 0/42 HPs)
             Began as a Draconian Shapeshifter on Oct 20, 2023.
             Splashed by a jelly's acid (5 damage)
             ... on level 4 of the Dungeon.
             The game lasted 00:08:32 (2215 turns).

mortress the Changeling (Draconian Shapeshifter)    Turns: 2215, Time: 00:08:33

Health: 0/42       AC: -7    Str: 18    XL:     5   Next: 6%
Magic:  5/5        EV: 12    Int: 11    God:
Gold:   206        SH:  0    Dex: 10    Spells: 4/4 levels left

rFire   + .          .
                       - Unarmed
rCold   + . .        (no shield)
rNeg    . . .        (body armour unavailable)
rPois   .            (helmet currently unavailable)
rElec   .            (cloak currently unavailable)
rCorr   .            (gloves currently unavailable)
SInv    .            (boots currently unavailable)
Will    .....        (no amulet)
Stlth   +            n - ring of protection from fire
HPRegen 0.27/turn    w - ring of protection from cold
MPRegen 0.09/turn

%: no passive effects
@: beast-form, corroded
A: beast (slay +2), AC +5, unfitting armour, cold-blooded
a: Begin Untransformation


You were on level 4 of the Dungeon.
You were a hulking beast.
You visited 1 branch of the dungeon, and saw 4 of its levels.

You collected 206 gold pieces.

Inventory:

Jewellery
 n - a ring of protection from fire (left hand)
 w - a ring of protection from cold (right hand)
Talismans
 b - a beast talisman (active)
 c - a flux talisman
Scrolls
 d - a scroll of identify {unknown}
 e - a scroll of vulnerability {unknown}
 f - a scroll of noise {unknown}
 j - a scroll of teleportation {unknown}
 k - a scroll of enchant armour {unknown}
 l - a scroll of immolation
 p - a scroll of fear {unknown}
 v - a scroll of fog {unknown}
Potions
 a - 2 potions of lignification
 g - a potion of curing {unknown}
 h - a potion of might {unknown}
 i - a potion of enlightenment {unknown}
 m - 2 potions of heal wounds {unknown}
 o - 2 potions of attraction {unknown}
 q - 2 potions of cancellation {unknown}
 r - a potion of magic {unknown}
 s - a potion of haste {unknown}
 t - a potion of brilliance {unknown}
 u - a potion of invisibility {unknown}


   Skills:
 + Level 2.4 Fighting
 + Level 2.6 Dodging
 + Level 3.7 Unarmed Combat
 * Level 4.1 Shapeshifting


You had 4 spell levels left.
You didn't know any spells.
Your spell library contained the following spells:

 Spells                   Type           Power      Damage    Failure   Level
 Apportation              Tloc           0%         N/A       34%         1
 Ensorcelled Hibernation  Hex/Ice        0%         N/A       47%         2
 Lesser Beckoning         Tloc           0%         N/A       47%         2
 Passwall                 Tmut/Erth      0%         N/A       47%         2
 Swiftness                Air            0%         N/A       71%         3
 Malign Gateway           Summ/Tloc      0%         N/A       100%        7


Dungeon Overview and Level Annotations

Branches:
Dungeon (4/15)
 Temple: D:4-7

Altars:
Uskayaw
Yredelemnul

Annotations:
D:3 3 runed translucent doors, exclusion: steam dragon, TheFist's ghost, amateur OpSh; Xavori's ghost, amateur DjCK; laschroeter's ghost, amateur MiFi; scionoferis's ghost, amateur MiCK
D:4 Dowan


Innate Abilities, Weirdness & Mutations

You are a hulking beast.
Your limbs bulge with bestial killing power. (Slay +2)
Your plain brown scales are hard. (AC +5)
You cannot fit into any form of body armour.
You are cold-blooded and may be slowed by cold attacks.


Message History

Found a hide-covered altar of Uskayaw and a basalt altar of Yredelemnul.
There is a large open door here.
You hit the plant.
The plant begins to die.
The plant is lightly damaged.
A nearby plant withers and dies.
There is a stone staircase leading up here.
Found a stone staircase leading down.
Dowan and a jelly come into view.
Dowan shouts!
The jelly quivers.
You punch the jelly! The acid corrodes you!
Your hands burn!
The jelly is heavily wounded.
The jelly hits you.
You are splashed with acid!
You punch the jelly!
Your hands burn!
The jelly is severely wounded.
The jelly closely misses you.
Dowan gestures wildly while chanting.
Dowan blinks!
The jelly hits you. The acid corrodes you!
You are splashed with acid!
You hit the jelly but do no damage.
Your hands burn!
The jelly is severely wounded.
The jelly misses you.
You hit the jelly but do no damage.
Your hands burn!
The jelly is severely wounded.
You hit the jelly but do no damage.
Your hands burn!
You tail-slap the jelly.
The jelly is almost dead.
The jelly hits you.
* * * LOW HITPOINT WARNING * * *
You are splashed with acid.
* * * LOW HITPOINT WARNING * * *
You hit the jelly. The acid corrodes you!
Your hands burn!
* * * LOW HITPOINT WARNING * * *
You tail-slap the jelly, but do no damage.
The jelly is almost dead.
The jelly barely misses you.
Dowan gestures wildly while chanting.
Dowan blinks!
The jelly attacks as it pursues you! The jelly closely misses you.
You hit the jelly but do no damage.
Your hands burn!
You die...

##.# #.###
#...# ###.# #<#
#.# #.# #.# #h#
#J# ## #.# ..#
#.# .. #.#
#####.#.#
.......e#
......$....#
#####...>......


You could see Dowan and a jelly.

Vanquished Creatures
  A hound (D:2)
  4 adders (D:3)
  A worm (D:3)
  7 orcs (D:3)
  9 ball pythons
  8 bats
  6 endoplasms
  2 giant cockroaches (D:3)
  8 goblins
  5 hobgoblins
  A quokka (D:2)
  2 frilled lizards (D:2)
  8 kobolds
  7 rats
69 creatures vanquished.

Notes
Turn   | Place    | Note
-------+----------+-------------------------------------------
     0 | D:1      | mortress the Draconian Shapeshifter began the quest for the
                  | Orb.
     0 | D:1      | Reached XP level 1. HP: 16/16 MP: 1/1
   148 | D:1      | Reached XP level 2. HP: 22/23 MP: 2/2
   222 | D:1      | Got the Secrets of the Vector
   907 | D:2      | Reached XP level 3. HP: 29/29 MP: 3/3
  1066 | D:2      | Found a faded altar of an unknown god.
  1460 | D:3      | Noticed a steam dragon
  1483 | D:3      | Reached XP level 4. HP: 35/36 MP: 4/4
  1628 | D:3      | Reached skill level 4 in Shapeshifting
  1895 | D:3      | Found a runed translucent gate.
  1895 | D:3      | Found a runed translucent gate.
  1896 | D:3      | Found a runed translucent gate.
  1896 | D:3      | Noticed laschroeter's ghost (amateur MiFi)
  1896 | D:3      | Noticed Xavori's ghost (amateur DjCK)
  1898 | D:3      | Noticed TheFist's ghost (amateur OpSh)
  1898 | D:3      | Noticed scionoferis's ghost (amateur MiCK)
  1903 | D:3      | Reached XP level 5. HP: 42/42 MP: 5/5
  2183 | D:4      | Found a hide-covered altar of Uskayaw.
  2183 | D:4      | Found a basalt altar of Yredelemnul.
  2202 | D:4      | Noticed Dowan
  2215 | D:4      | Splashed by a jelly's acid

Illustrated notes

Levels and vault maps discovered:
D:1:      tarquinn_simple_flora_water_b, layout_rooms
D:2:      layout_basic, hellmonk_ecumenical_altar_blasted
D:3:      layout_rooms, gammafunk_ghost_cemetery, dk_vineyard_2,
          minmay_starry_boxes
D:4:      layout_loops_ring, gammafunk_temple_overflow_wave,
          minmay_temple_entry_large_hall, uniq_duvessa

Skill      XL: |  1  2  3  4 |
---------------+-------------+-----
Dodging        | 2 |  2.6
Fighting       | 2 |  2.4
Shapeshifting  | 4 |  4.1
Unarmed Combat | |  3.7

Action                     |  1- 3 |  4- 6 || total
---------------------------+-------+-------++-------
  Melee: Unarmed           |    89 |   116 ||   205
         Tailslap          |     7 |    10 ||    17
         Punch             |     1 |     1 ||     2
 Armour: Skin              |    41 |    57 ||    98
  Dodge: Dodged            |    64 |    78 ||   142

Table legend: (Time is in decaauts)
 A = Elapsed time spent in this place.
 B = Non-inter-level travel time spent in this place.
 C = Inter-level travel time spent in this place.
 D = Time resting spent in this place.
 E = Time spent auto-exploring this place.
 F = Levels seen in this place.
 G = Mean time per level.
                   A        B        C        D        E       F      G
               +--------+--------+--------+--------+--------+-----+--------+
         Total |   2201 |   2100 |    101 |     13 |   1431 |   4 |  550.2 |
       Dungeon |   2201 |   2100 |    101 |     13 |   1431 |   4 |  550.2 |
               +--------+--------+--------+--------+--------+-----+--------+

Top non-repeatable levels by time:
     D:2: 944 daAuts
     D:3: 749 daAuts
     D:1: 466 daAuts
     D:4: 41 daAuts
